AoeStats
← MattAtArms

Arabia

504024293Analyzed
1v1 RM · 1mo ago on Sep 3, 2026· 40m 3s· 2 players
Game mode
Random Map
Map size
Tiny (2 player)
Population
200
Speed
Normal
Resources
Standard
Victory
Conquest
Starting age
Dark Age
Ending age
Imperial Age
RankedLock teamsTeams togetherTeam positionsShared explorationLock speedFull tech treeHidden civsTurbo modeCheats
Victory
Defeat
🇹🇼 Gurjaras · Taiwan
2064
+8
🇬🇧 Berbers · United Kingdom
1881
-8
MattAtArms
8:24 Feudal Age
8:43 Loom
8:56 Double-Bit Axe
9:24 Loom
11:27 Horse Collar
18:43 Castle Age
16:55 Gold Mining
17:46 Forging
18:42 Bloodlines
19:18 Scale Barding Armor
20:41 Bow Saw
27:15 Wheelbarrow
29:45 Iron Casting
31:00 Chain Barding Armor
38:32 Imperial Age
36:06 Town Watch
36:43 Hand Cart
37:06 Heavy Plow
37:32 Husbandry
40:09 Plate Barding Armor
[LuB]myqbox
6:21 Loom
8:41 Feudal Age
9:42 Double-Bit Axe
10:24 Horse Collar
18:37 Castle Age
16:36 Gold Mining
19:44 Bow Saw
19:50 Husbandry
24:18 Wheelbarrow
24:30 Town Watch
25:25 Bloodlines
25:27 Scale Barding Armor
28:33 Chain Barding Armor
29:22 Forging
29:48 Devotion
35:02 Imperial Age
32:54 Hand Cart
32:50 Stone Mining
33:38 Gold Shaft Mining
35:12 Iron Casting
35:03 Kshatriyas
35:41 Stone Shaft Mining
35:15 Fletching
36:30 Plate Barding Armor
36:14 Heavy Camel Rider
37:59 Chemistry
37:17 Heavy Plow
38:22 Conscription
38:57 Frontier Guards
Connection lost

Rejoining the realm…

Still unreachable

The connection could not be restored.

Session expired

The server has moved on; the page needs a fresh start.